 Dungeon Crawl Stone Soup version 0.24.0-1-gfbc8707122 (webtiles) character file.

Game seed: 5976968219410443613, levelgen mode: deterministic

2352 stripedtigrrr the Cleaver (level 9, -4/79 HPs)
             Began as a Minotaur Berserker on Oct 27, 2019.
             Was an Elder of Trog.
             Slain by a yak (13 damage)
             ... on level 7 of the Dungeon.
             The game lasted 00:19:07 (5592 turns).

stripedtigrrr the Cleaver (Minotaur Berserker)      Turns: 5592, Time: 00:19:07

Health: -4/79      AC:  9    Str: 23      XL:     9   Next: 20%
Magic:  9/9        EV: 10    Int:  3 (4)  God:    Trog [****..]
Gold:   269        SH:  0    Dex: 10 (12) Spells: 8/8 levels left

rFire    . . .     SeeInvis +   a - +0 hand axe
rCold    + . .     Gourm    .   (no shield)
rNeg     . . .     Faith    .   m - +0 chain mail
rPois    .         Spirit   .   (helmet restricted)
rElec    .         Reflect  .   (no cloak)
rCorr    .         Harm     .   (no gloves)
MR       .....                  (no boots)
Stlth    ..........             (no amulet)
HPRegen  0.23/turn              r - ring of protection from cold
MPRegen  0.11/turn              w - ring of see invisible

@: very slightly contaminated
A: retaliatory headbutt, horns 2
a: Berserk, Trog's Hand, Brothers in Arms, Renounce Religion


You were on level 7 of the Dungeon.
You worshipped Trog.
Trog was greatly pleased with you.
You were not hungry.

You visited 1 branch of the dungeon, and saw 7 of its levels.

You collected 269 gold pieces.

Inventory:

Hand Weapons
 a - a +0 hand axe (weapon)
 v - a +2 spear of venom
Missiles
 d - 129 stones (quivered)
 q - 2 boomerangs
Armour
 m - a +0 chain mail (worn)
 s - a +1 ring mail of fire resistance
 x - a +2 leather armour of cold resistance
Jewellery
 r - a ring of protection from cold (left hand)
 w - a ring of see invisible (right hand)
Wands
 e - a wand of disintegration (11)
 h - a wand of enslavement (2)
 A - a wand of paralysis (15)
Scrolls
 f - a scroll of blinking {unknown}
 g - a scroll of teleportation
 l - a scroll of fog
 p - 4 scrolls of remove curse
 t - a scroll of identify
 y - a scroll of magic mapping
 z - a scroll of brand weapon {unknown}
Potions
 b - a potion of haste
 j - a potion of cancellation
 k - a potion of flight
 n - 3 potions of curing
 o - a potion of mutation
 B - a potion of brilliance {unknown}
Comestibles
 c - 8 rations


   Skills:
 + Level 7.0 Fighting
 * Level 11.5 Axes
 + Level 5.4 Armour
 + Level 5.1 Dodging
 * Level 1.6 Evocations


You had 8 spell levels left.
You didn't know any spells.
Your spell library was empty.

Dungeon Overview and Level Annotations

Branches:
Dungeon (7/15)
 Temple: D:4-7

Altars:
Qazlal
Trog
Vehumet
Yredelemnul

Shops:
D:6 (


Innate Abilities, Weirdness & Mutations

You reflexively headbutt those who attack you in melee.
You have a pair of horns on your head.


Message History

You hit the yak but do no damage. You headbutt the yak!
The yak is severely wounded.
The yak gores you!
* * * LOW HITPOINT WARNING * * *
You hit the yak. You headbutt the yak.
The yak is almost dead.
The yak gores you but does no damage.
You slash the yak!
You kill the yak!
Trog accepts your kill.
You feel your dexterity returning.
Your Fighting skill increases to level 7!
You hit the yak but do no damage. You hit the yak but do no damage.
You headbutt the yak!
The yak is lightly wounded.
The yak closely misses you.
You hit the yak but do no damage.
The yak is lightly wounded.
The yak gores you!
You die...

#.#..§§≈≈_>§#....#..####..######
#.##..§#≈≈≈≈#..:......†5........
#.##...###§##≈...#.5###P.P..PPPP
#.##.....§≈§≈≈...#..###Y.P......
##.##)....§.......§...Y.P.PP..PPP
..#.#...........≈.#####.P........
##.##.#########..##


#)P.PPPYPPP ......# ##Y# #.P..a..P.. ###### #@# #.PPPPPPP.P #.# #.......P #.#
#.PPPPP.P #.# #. ... ..# #. PPP ### # # You could see a yak.

Vanquished Creatures
  Grinder (D:3)
  5 yaks (D:7)
  Eustachio (D:6)
  An ice beast (D:6)
  An ogre (D:5)
  A centaur (D:6)
  2 bullfrogs (D:6)
  A scorpion (D:4)
  A howler monkey (D:6)
  2 crimson imps
  A centaur zombie (D:6)
  A centaur skeleton (D:5)
  3 jellies
  An orc priest (D:6)
  5 orc wizards
  An iguana (D:7)
  Ijyb (D:5)
  6 worker ants
  A howler monkey zombie (D:5)
  4 gnolls
  6 adders
  An ooze (D:2)
  2 adder skeletons
  An adder zombie (D:6)
  A worm (D:5)
  4 dart slugs
  6 leopard geckos
  15 orcs
  6 bats
  7 giant cockroaches
  6 goblins
  10 hobgoblins
  12 jackals
  7 kobolds
  2 quokkas (D:5)
  A ball python skeleton (D:4)
  7 frilled lizards
  A goblin zombie (D:5)
  A jackal zombie (D:5)
  A leopard gecko skeleton (D:6)
  9 rats
146 creatures vanquished.

Vanquished Creatures (others)
  A dart slug (D:2)
  14 bushes (D:7)
15 creatures vanquished.

Grand Total: 161 creatures vanquished

Notes
Turn   | Place    | Note
-------+----------+-------------------------------------------
     0 | D:1      | stripedtigrrr the Minotaur Berserker began the quest for
                  | the Orb.
     0 | D:1      | Reached XP level 1. HP: 19/19 MP: 0/0
    67 | D:1      | Reached XP level 2. HP: 17/27 MP: 1/1
    70 | D:1      | Reached skill level 4 in Axes
   551 | D:1      | Reached XP level 3. HP: 13/33 MP: 2/2
   860 | D:1      | Reached ** piety under Trog
  1250 | D:2      | Found a bloodstained altar of Trog.
  1310 | D:2      | Found a radiant altar of Vehumet.
  1327 | D:2      | Reached XP level 4. HP: 27/41 MP: 3/3
  1896 | D:3      | Reached skill level 5 in Axes
  1904 | D:3      | Reached XP level 5. HP: 26/47 MP: 4/4
  2088 | D:3      | Reached *** piety under Trog
  2177 | D:3      | Noticed Grinder
  2185 | D:3      | Killed Grinder
  2185 | D:3      | Reached skill level 5 in Fighting
  2185 | D:3      | Reached skill level 6 in Axes
  2185 | D:3      | Reached XP level 6. HP: 55/56 MP: 5/5
  2194 | D:3      | Reached skill level 7 in Axes
  2805 | D:4      | Reached XP level 7. HP: 47/61 MP: 6/6
  3104 | D:4      | Reached skill level 8 in Axes
  3452 | D:5      | Entered Level 5 of the Dungeon
  3561 | D:5      | Noticed Ijyb
  3602 | D:5      | Killed Ijyb
  4065 | D:5      | Reached skill level 9 in Axes
  4066 | D:5      | Found a runed translucent door.
  4066 | D:5      | Noticed a human
  4069 | D:5      | Found a basalt altar of Yredelemnul.
  4455 | D:6      | Reached XP level 8. HP: 70/70 MP: 7/7
  4488 | D:6      | Reached **** piety under Trog
  4610 | D:6      | Found Diacer's Weapon Shoppe.
  4623 | D:6      | Noticed Eustachio
  4655 | D:6      | Killed Eustachio
  4655 | D:6      | Reached skill level 10 in Axes
  4681 | D:6      | Reached skill level 5 in Dodging
  5442 | D:7      | Found a stormy altar of Qazlal.
  5536 | D:7      | Reached skill level 11 in Axes
  5536 | D:7      | Reached skill level 1 in Evocations
  5547 | D:7      | Reached skill level 5 in Armour
  5547 | D:7      | Reached XP level 9. HP: 34/78 MP: 8/8
  5592 | D:7      | Slain by a yak

Levels and vault maps discovered:
D:1:      saegor_arrival_simple_a, layout_basic
D:2:      layout_rooms, fiery_altar_vehumet, lemuel_coloured_pillars_altar
D:3:      layout_basic, first_ration, serial_bayou_pond_d, uniq_grinder
D:4:      layout_basic
D:5:      layout_rooms, dk_yredelemnul_ordeal, uniq_ijyb
D:6:      layout_cave_pools, serial_shops, shop, chequers_serial_rivers_small_b,
          uniq_eustachio
D:7:      layout_loops_ring, minmay_temple_entry_statues_fountains,
          minmay_hedge_maze, nicolae_qazlal_general_emergency

Skill      XL: |  1  2  3  4  5  6  7  8  9 |
---------------+----------------------------+-----
Fighting       | 4 5 6 7 |  7.0
Axes           | 4 5 6 7 9 11 | 11.5
Dodging        | 3 4 5 |  5.1
Armour         | 3 5 |  5.4
Evocations     | 1 |  1.6

Action                   |  1- 3 |  4- 6 |  7- 9 || total
-------------------------+-------+-------+-------++-------
Melee: Hand axe          |    75 |    88 |   257 ||   420
       Headbutt          |    13 |    24 |    73 ||   110
Invok: Berserk           |     1 |       |       ||     1
       Trog's Hand       |       |     2 |     5 ||     7
  Use: Scroll            |       |       |    11 ||    11
       Potion            |       |       |     3 ||     3
 Stab: Sleeping          |     2 |     2 |       ||     4
       Invisible         |       |       |     3 ||     3
  Eat: Chunk             |     2 |     6 |     5 ||    13
       Ration            |       |       |     2 ||     2
Armor: Animal skin       |    18 |     9 |     3 ||    30
       Chain mail        |       |       |    61 ||    61
       Leather armour    |       |       |     9 ||     9
Dodge: Dodged            |    52 |    65 |   127 ||   244
